 Dungeon Sprint DCSS version 0.32-a0-933-ga8fa3634e4 (webtiles) character file.

Game seed: 1302962550966227013

152 Goblin1989 the Chopper (level 5, -7/44 HPs)
             Began as a Demonspawn Fighter on Apr 14, 2024.
             Mangled by an ogre
             ... wielding a +0 giant club
              (21 damage)
             ... in the Dungeon (Sprint IX: "|||||||||||||||||||||||||||||").
             The game lasted 00:00:59 (78 turns).

Goblin1989 the Chopper (Demonspawn Fighter)           Turns: 78, Time: 00:00:59

Health: -7/44      AC:  7    Str: 18    XL:     5   Next: 11%
Magic:  5/5        EV:  9    Int:  9    God:
Gold:   0          SH:  4    Dex: 12    Spells: 4/4 levels left

rFire   . . .        a - +0 war axe
rCold   . . .        c - +0 buckler
rNeg    . . .        b - +0 scale mail
rPois   .            (helmet restricted)
rElec   .            (no cloak)
rCorr   .            (no gloves)
SInv    .            (no boots)
Will    .....        (no amulet) Stlth
                     (no ring)
HPRegen 0.27/turn    (no ring)
MPRegen 0.09/turn

%: no teleportation
@: no status effects
A: horns 2, demonic magic 1
a: no special abilities


You were in the Dungeon.
You visited 1 branch

Inventory:

Hand Weapons
 a - a +0 war axe (weapon)
Armour
 b - a +0 scale mail (worn)
 c - a +0 buckler (worn)
Scrolls
 j - a scroll of blinking
Potions
 d - a potion of might {@q4}
 e - a potion of curing {@q1}
 f - a potion of heal wounds {@q2}
 g - a potion of haste {@q3,}
 h - 2 potions of magic
 i - a potion of berserk rage


   Skills:
 + Level 5.1 Fighting
 * Level 5.7 Axes
 + Level 4.7 Armour
 + Level 3.4 Dodging
 + Level 4.6 Shields


You had 4 spell levels left.
You didn't know any spells.
Your spell library was empty.

Dungeon Overview and Level Annotations

Branches:
Dungeon (1/1) Zot: 27000

Altars:


Innate Abilities, Weirdness & Mutations

You have a pair of horns on your head.
Spells you cast may paralyse adjacent enemies.


Message History

The ball python constricts you. You block the ball python's attack.
The ball python constricts you.
You slash the ball python!
You kill the ball python!
There is an open door to the Dungeon, spattered with blood here.
Items here: ) †††.
You start resting.
HP restored.
Health restored: 24 You open the door.
An ogre, an iguana, a sleepcap, a scorpion and a hound come into view.
The ogre shouts!
The iguana hisses angrily.
The hound bites you.
You take 2 damage, and have 22/24 hp.
You closely miss the hound. You headbutt the hound.
The hound is moderately wounded.
You block the hound's attack. The hound bites you but does no damage.
You hit the hound.
The hound is heavily wounded.
The hound barely misses you. The hound closely misses you.
You miss the hound. Your headbutt misses the hound.
The hound is heavily wounded.
You block the hound's attack. The hound bites you but does no damage.
You barely miss the hound. Your headbutt misses the hound.
The hound is heavily wounded.
You block the hound's attack. The hound bites you but does no damage.
You slash the hound!
You kill the hound!
The scorpion stings you but does no damage.
Your Fighting skill increases to level 4!
Your Axes skill increases to level 4!
Your Dodging skill increases to level 2!
You have reached level 3!
Your experience leads to an increase in your attributes!
Increase (s)trength, (i)ntelligence, or (d)exterity?
You feel stronger. x2; Your demonic ancestry asserts itself...
The horns on your head grow some more.
Health restored: 30; MP restored: 3 Unknown command.
Unknown command.
You barely miss the scorpion. Your headbutt misses the scorpion.
The scorpion stings you but does no damage.
You slash the scorpion!
The scorpion is severely wounded.
The scorpion stings you. The scorpion barely misses you.
You take 1 damage, and have 29/30 hp.
You hit the scorpion.
You kill the scorpion!
Your Axes skill increases to level 5!
Your Armour skill increases to level 4!
Your Shields skill increases to level 4!
You have reached level 4!
You feel clever.
Health restored: 38; MP restored: 4 Unknown command.
You hit the sleepcap.
You headbutt the sleepcap, but do no damage.
The sleepcap is lightly damaged.
The sleepcap closely misses you. The sleepcap barely misses you.
You slash the sleepcap!
The sleepcap is heavily damaged.
The sleepcap releases spores at you.
You are engulfed in a cloud of soporific spores!
You fall asleep.
The sleepcap releases spores at you!
You wake up.
You take 10 damage, and have 28/38 hp.
MASSIVE DAMAGE!!
Unknown command.
You hit the sleepcap.
The sleepcap is severely damaged.
The sleepcap releases spores at you.
You take 5 damage, and have 23/38 hp.
You hit the sleepcap but do no damage. You headbutt the sleepcap!
You destroy the sleepcap!
Your Dodging skill increases to level 3!
You hit the iguana.
The iguana is lightly wounded.
The iguana bites you. You block the iguana's attack.
You take 4 damage, and have 19/38 hp.
You hit the iguana.
The iguana is moderately wounded.
The iguana barely misses you.
You completely miss the iguana.
The iguana is moderately wounded.
The iguana bites you!
* * * LOW HITPOINT WARNING * * *
You take 8 damage, and have 11/38 hp.
MASSIVE DAMAGE!!
You barely miss the iguana.
The iguana is moderately wounded.
The iguana misses you. x2
You hit the iguana. You headbutt the iguana.
You kill the iguana!
Your Fighting skill increases to level 5!
You have reached level 5!
Your demonic ancestry asserts itself...
A menacing aura infuses your magic.
You regained 2 hp, and now have 14/44 hp.
MP restored: 5 Unknown command.
You barely miss the ogre.
The ogre hits you with a +0 giant club!!
You die...

▓▲▓
▓.▓
▓.▓
▓.▓
▓.▓
▓.▓
▓O▓
▓@▓
▓.▓
▓.▓
▓.▓
▓.▓
▓)▓
▓.▓
▓.▓
▓.▓


You could see an ogre.

Vanquished Creatures
  A scorpion (D)
  A hound (D)
  A sleepcap (D)
  An iguana (D)
  A gnoll (D)
  2 hobgoblins (D)
  2 ball pythons (D)
9 creatures vanquished.

Notes
Turn   | Place    | Note
-------+----------+-------------------------------------------
     0 | D        | Goblin1989 the Demonspawn Fighter began the quest for the
                  | Orb.
     0 | D        | Reached XP level 1. HP: 18/18 MP: 1/1
     9 | D        | Reached skill level 1 in Dodging
     9 | D        | Gained mutation: You have a pair of small horns on your
                  | head. [demonic ancestry]
     9 | D        | Reached XP level 2. HP: 19/24 MP: 2/2
    59 | D        | Noticed an ogre
    59 | D        | Noticed a scorpion
    65 | D        | Gained mutation: You have a pair of horns on your head.
                  | [demonic ancestry]
    65 | D        | Reached XP level 3. HP: 30/30 MP: 3/3
    67 | D        | Killed a scorpion
    68 | D        | Reached skill level 5 in Axes
    68 | D        | Reached XP level 4. HP: 38/38 MP: 4/4
    78 | D        | Reached skill level 5 in Fighting
    78 | D        | Gained mutation: Spells you cast may paralyse adjacent
                  | enemies. [demonic ancestry]
    78 | D        | Reached XP level 5. HP: 14/44 MP: 5/5
    78 | D        | Mangled by an ogre

Illustrated notes

Levels and vault maps discovered:
D:        linesprint [early_d, line_temple, items_1, d_10, items_2, lair_1,
          lair_end, items_3, orc_1, orc_end, items_4, d_15, swamp_1, shoals_1,
          snake_1, spider_1, d_20, vaults_1, items_5, swamp_end, shoals_end,
          snake_end, spider_end, vaults_end, d_27, items_6, zot_1, zot_end,
          crypt_end, forest_end, elf_end, slime_end, tomb_end, abyss_end,
          pan_hell_end]

Skill      XL: |  1  2  3  4 |
---------------+-------------+-----
Axes           | 2 4 5 |  5.7
Armour         | 3 4 |  4.7
Dodging        | 1 2 3 |  3.4
Shields        | 3 4 |  4.6
Fighting       | 4 5 |  5.1

Action                     |  1- 3 |  4- 6 || total
---------------------------+-------+-------++-------
  Melee: War axe           |    22 |    10 ||    32
         Headbutt          |     3 |     3 ||     6
 Armour: Scale mail        |    24 |     6 ||    30
  Dodge: Dodged            |     5 |     5 ||    10
  Block: Buckler           |     7 |     1 ||     8

Table legend: (Time is in decaauts)
 A = Elapsed time spent in this place.
 B = Non-inter-level travel time spent in this place.
 C = Inter-level travel time spent in this place.
 D = Time resting spent in this place.
 E = Time spent auto-exploring this place.
 F = Levels seen in this place.
 G = Mean time per level.
                   A        B        C        D        E       F      G
               +--------+--------+--------+--------+--------+-----+--------+
         Total |     89 |     89 |      0 |     35 |      5 |   1 |   89.0 |
       Dungeon |     89 |     89 |      0 |     35 |      5 |   1 |   89.0 |
               +--------+--------+--------+--------+--------+-----+--------+

Top non-repeatable levels by time:
       D: 89 daAuts
